 Dungeon Crawl Stone Soup version 0.28.0-45-g0d030f2227 (webtiles) character file.

Game seed: 17910145093973106580

453 bobregger the Cudgeller (level 7, -3/70 HPs)
             Began as an Ogre Berserker on Apr 23, 2022.
             Was a Believer of Trog.
             Slain by a gnoll
             ... wielding a +0 halberd
              (13 damage)
             ... on level 7 of the Dungeon.
             The game lasted 00:05:47 (4878 turns).

bobregger the Cudgeller (Ogre Berserker)            Turns: 4878, Time: 00:05:48

Health: -3/70      AC:  4    Str: 22    XL:     7   Next: 5%
Magic:  7/7        EV: 10    Int:  8    God:    Trog [**....]
Gold:   187        SH:  0    Dex: 10    Spells: 6/6 levels left

rFire   . . .      SeeInvis .   a - +0 mace
rCold   . . .      Faith    .   (no shield)
rNeg    . . .      Spirit   .   b - +0 animal skin
rPois   .          Reflect  .   (helmet restricted)
rElec   .          Harm     .   o - +0 cloak
rCorr   .          Rampage  .   (gloves unavailable)
Will    .....                   (boots unavailable)
Stlth   +.........              (no amulet)
HPRegen 0.21/turn               (no ring)
MPRegen 0.10/turn               (no ring)

@: on berserk cooldown, slowed, very slow
A: large, unfitting armour, tough skin 1
a: Renounce Religion, Berserk, Trog's Hand


You were on level 7 of the Dungeon.
You worshipped Trog.
Trog was pleased with you.
You visited 1 branch of the dungeon, and saw 5 of its levels.

You collected 187 gold pieces.

Inventory:

Hand Weapons
 a - a +0 mace (weapon)
Armour
 b - a +0 animal skin (worn)
 j - a scarf of repulsion
 o - a +0 cloak (worn)
Wands
 p - a wand of flame (13)
Scrolls
 c - a scroll of blinking {unknown}
 d - a scroll of vulnerability {unknown}
 e - 2 scrolls of magic mapping {unknown}
 h - 3 scrolls of immolation {unknown}
 i - 2 scrolls of noise {unknown}
 l - a scroll of identify {unknown}
 n - a scroll of summoning {unknown}
 q - a scroll of enchant armour {unknown}
 r - a scroll of amnesia {unknown}
 u - a scroll of teleportation {unknown}
Potions
 f - a potion of berserk rage
 g - a potion of heal wounds {unknown}
 k - 2 potions of curing {unknown}
 m - a potion of magic {unknown}
 s - a potion of lignification {unknown}
 t - a potion of degeneration {unknown}


   Skills:
 - Level 4.0 Fighting
 + Level 7.1 Maces & Flails
 - Level 2.6 Dodging


You had 6 spell levels left.
You didn't know any spells.
Your spell library was empty.

Dungeon Overview and Level Annotations

Branches:
Dungeon (4/15)
 Temple: D:4-7

Altars:
Dithmenos
Elyvilon
Nemelex Xobeh
Trog


Innate Abilities, Weirdness & Mutations

You are too large for most types of armour.
You have tough skin. (AC +1)


Message History

You thump the phantom!
You destroy the phantom!
Trog accepts your kill.
You feel a strong urge to attack something.
A hound comes into view.
You see here a +0 barding.
The hound barks!
You thump the gnoll!
You kill the gnoll!
Trog accepts your kill.
You hit the gnoll shaman but do no damage.
A gnoll comes into view. It is wielding a +0 halberd.
The gnoll shaman hits you with a +0 club.
A gnoll comes into view. It is wielding a +0 spear.
The gnoll shouts!
You sock the gnoll shaman!
You kill the gnoll shaman!
Trog accepts your kill.
Your Maces & Flails skill increases to level 7!
You have reached level 7!
A water moccasin skeleton comes into view.
A gnoll comes into view. It is wielding a +0 flail.
The gnoll closely misses you.
Items here: )) [ ††.
You feel a strong urge to attack something.
You are no longer berserk.
You are exhausted.
You feel yourself slow down.
The gnoll hits you from afar with a +0 spear.
The gnoll hits you with a +0 flail! The gnoll hits you with a +0 whip!
* * * LOW HITPOINT WARNING * * *
It was a potion of berserk rage.
You're still recovering from your berserk rage.
The gnoll hits you with a +0 halberd.
* * * LOW HITPOINT WARNING * * *
The gnoll closely misses you. The gnoll barely misses you.
The gnoll hits you from afar with a +0 spear.
* * * LOW HITPOINT WARNING * * *
The gnoll hits you with a +0 halberd!
You die...

..♣.♣.♣.♣..o#####..........
♣ ♣.♣♣♣............)..#
♣.♣...♣.§...#.........#
♣.♣♣♣.♣..##..........##
........####..........
....##!# #..........
#..##.# #..........
.########og##.##
#..........
.........[)@gg.#
#.........#
############g#.#
##.......## h.. .#.....##
.......####### .......
....... ....... .......


You could see a hound, 4 gnolls and an orc.

Vanquished Creatures
  A necrophage (D:4)
  A phantom (D:7)
  2 hounds
  Natasha (thrice) (D:3)
  A gnoll shaman (D:7)
  A gnoll (D:7)
  7 adders
  2 worms
  2 dart slugs (D:1)
  4 bats
  5 endoplasms
  3 giant cockroaches
  5 hobgoblins
  2 jackals (D:2)
  4 quokkas
  5 ball pythons
  6 frilled lizards
  3 goblins
  A jackal skeleton (D:4)
  6 kobolds
  A rat (D:1)
65 creatures vanquished.

Notes
Turn   | Place    | Note
-------+----------+-------------------------------------------
     0 | D:1      | bobregger the Ogre Berserker began the quest for the Orb.
     0 | D:1      | Reached XP level 1. HP: 24/24 MP: 1/1
   167 | D:1      | Reached skill level 3 in Maces & Flails
   226 | D:1      | Reached XP level 2. HP: 15/32 MP: 2/2
   771 | D:1      | Reached XP level 3. HP: 35/39 MP: 3/3
  1284 | D:1      | Reached ** piety under Trog
  1324 | D:2      | Reached skill level 4 in Maces & Flails
  1518 | D:2      | Reached XP level 4. HP: 48/48 MP: 4/4
  2982 | D:3      | Noticed Natasha
  2994 | D:3      | Killed Natasha
  2995 | D:3      | Reached skill level 5 in Maces & Flails
  2995 | D:3      | Reached XP level 5. HP: 25/54 MP: 5/5
  3484 | D:3      | Found a faded altar of an unknown god.
  3556 | D:3      | Noticed Natasha
  3562 | D:3      | Killed Natasha
  3799 | D:3      | Noticed Natasha
  3815 | D:3      | Killed Natasha
  3988 | D:4      | Noticed a necrophage
  3997 | D:4      | Killed a necrophage
  3998 | D:4      | Reached skill level 6 in Maces & Flails
  3998 | D:4      | Reached XP level 6. HP: 62/62 MP: 6/6
  4471 | D:4      | Found a shadowy altar of Dithmenos.
  4478 | D:4      | Found a sparkling altar of Nemelex Xobeh.
  4759 | D:4      | You fall into a shaft and drop 3 floors!
  4786 | D:7      | Found a bloodstained altar of Trog.
  4847 | D:7      | Found a white marble altar of Elyvilon.
  4876 | D:7      | Reached skill level 7 in Maces & Flails
  4876 | D:7      | Reached XP level 7. HP: 53/70 MP: 7/7
  4878 | D:7      | Slain by a gnoll

Illustrated notes

Levels and vault maps discovered:
D:1:      minmay_arrival_four_loops, layout_basic
D:2:      layout_basic
D:3:      layout_basic, shapermc_ecumenical_altar_pompeii, uniq_natasha
D:4:      layout_basic, mainiacjoe_overflow_catwalk,
          grunt_dithmenos_smoke_and_mirrors
D:7:      layout_rooms, mainiacjoe_overflow_large_starburst, temple_fountains,
          enter_bailey_7

Skill      XL: |  1  2  3  4  5  6 |
---------------+-------------------+-----
Maces & Flails | 3 4 5 6 7 |  7.1
Fighting       | |  4.0
Dodging        | |  2.6

Action                   |  1- 3 |  4- 6 |  7- 9 || total
-------------------------+-------+-------+-------++-------
Melee: Mace              |   101 |   124 |       ||   225
       Punch             |     1 |     2 |       ||     3
Invok: Berserk           |     1 |     6 |       ||     7
  Use: Potion            |       |       |     1 ||     1
Armor: Animal skin       |    34 |    41 |       ||    75
Dodge: Dodged            |    55 |    75 |     3 ||   133
